 Dungeon Crawl Stone Soup version 0.24.1-8-ga250c9d538 (webtiles) character file.

Game seed: 16064842695409142072, levelgen mode: deterministic

13 mortelune the Caller (level 2, -2/19 HPs)
             Began as a Human Summoner on Apr 30, 2020.
             Slain by a worm (12 damage)
             ... on level 2 of the Dungeon.
             The game lasted 00:02:26 (1352 turns).

mortelune the Caller (Human Summoner)               Turns: 1352, Time: 00:02:26

Health: -2/19      AC:  2    Str:  8    XL:     2   Next: 50%
Magic:  3/5        EV: 12    Int: 15    God:
Gold:   24         SH:  0    Dex: 13    Spells: 2/5 levels left

rFire    . . .     SeeInvis .   b - +0 mace {don't train}
rCold    . . .     Gourm    .   (no shield)
rNeg     . . .     Faith    .   a - +0 robe
rPois    .         Spirit   .   (no helmet)
rElec    .         Reflect  .   (no cloak)
rCorr    .         Harm     .   (no gloves)
MR       .....                  (no boots)
Stlth    ++........             (no amulet)
HPRegen  0.06/turn              (no ring)
MPRegen  0.09/turn              (no ring)

@: no status effects
A: no striking features
a: no special abilities


You were on level 2 of the Dungeon.
You were not hungry.

You visited 1 branch of the dungeon, and saw 2 of its levels.

You collected 24 gold pieces.

Inventory:

Hand Weapons
 b - a +0 mace (weapon) {don't train}
 i - a +2 dagger of protection {don't train}
Missiles
 Q - 13 bolts (quivered)
Armour
 a - a +0 robe (worn)
Scrolls
 e - 3 scrolls of identify {unknown}
 f - a scroll of magic mapping {unknown}
 h - a scroll of enchant armour {unknown}
 j - a scroll of amnesia {unknown}
Potions
 d - a potion of might {unknown}
Comestibles
 c - 2 rations
 g - 3 chunks of flesh


   Skills:
 + Level 2.2 Dodging
 - Level 2.0 Stealth
 + Level 2.2 Spellcasting
 * Level 4.3 Summonings


You had 2 spell levels left.
You knew the following spells:

 Your Spells              Type           Power        Failure   Level  Hunger
a - Summon Small Mammal   Summ           ##..         3%          1    #......
b - Call Imp              Summ           ##......     5%          2    ###....

Your spell library contained the following spells:

 Spells                   Type           Power        Failure   Level  Hunger
 Call Canine Familiar     Summ           ##......     11%         3    ###....
 Summon Guardian Golem    Hex/Summ       #.......     26%         3    ###....
 Summon Ice Beast         Ice/Summ       #.......     65%         4    #####..
 Summon Lightning Spire   Summ/Air       #.......     65%         4    #####..


Dungeon Overview and Level Annotations

Branches:
Dungeon (2/15)

Altars:


Message History

Found a leather armour.
A worm comes into view.
Casting: Call Imp (safe; 5% risk of failure)
Confirm with . or Enter, or press ? or * to list all spells.
A beastly little devil appears in a puff of frigid air.
The worm bites your white imp! The worm bites your white imp.
Your white imp hits the worm.
Your white imp freezes the worm.
Your white imp barely misses the worm.
Found a scroll labeled QURPHU SUN MUZI.
You completely miss the worm.
The worm is moderately wounded.
The worm bites you!
Your white imp hits the worm.
Your white imp freezes the worm.
You hit the worm.
The worm is severely wounded.
Your white imp hits the worm but does no damage.
The worm bites you!
Ouch! That really hurt!
You die...

##########
.........#
.........#
.........# .?
.........# ...
.........#
###....
.........#
##....#
.........# ##@w#
######.###
##.5## #.##
#..## #..## #.##
##..# ##.#
##.####..#
########...##.##
..............#
.#########..###


You could see a worm and a friendly white imp.

Vanquished Creatures
  A giant cockroach (D:1)
  2 hobgoblins (D:1)
  2 bats (D:1)
  A kobold (D:1)
  A rat (D:1)
7 creatures vanquished.

Vanquished Creatures (collateral kills)
  A bat (D:1)
  2 giant cockroaches (D:1)
  2 hobgoblins (D:1)
  A kobold (D:1)
  A frilled lizard (D:1)
  A goblin (D:1)
8 creatures vanquished.

Grand Total: 15 creatures vanquished

Notes
Turn   | Place    | Note
-------+----------+-------------------------------------------
     0 | D:1      | mortelune the Human Summoner began the quest for the Orb.
     0 | D:1      | Reached XP level 1. HP: 13/13 MP: 3/3
   780 | D:1      | Reached XP level 2. HP: 19/19 MP: 1/5
   790 | D:1      | Learned a level 2 spell: Call Imp
  1352 | D:2      | Slain by a worm

Levels and vault maps discovered:
D:1:      lightli_iron_boxes, layout_basic
D:2:      layout_rooms

Action                   || total
-------------------------++-------
Melee: Mace              ||    35
 Cast: Summon Small Mamm ||     7
       Call Imp          ||     5
  Eat: Chunk             ||     2
Armor: Robe              ||    10
Dodge: Dodged            ||    37
